 Dungeon Crawl Stone Soup version 0.20.0-15-g7f486f2 (webtiles) character file.

360 McKennaii the Shield-Bearer (level 6, 0/53 HPs)
             Began as a Minotaur Fighter on June 11, 2017.
             Succumbed to a gnoll sergeant's poison
             ... on level 2 of the Dungeon.
             The game lasted 00:06:33 (2527 turns).

McKennaii the Shield-Bearer (Minotaur Fighter)      Turns: 2527, Time: 00:06:34

Health: 0/53       AC: 12    Str: 21    XL:     6   Next: 38%
Magic:  5/5        EV:  4    Int:  5    God:
Gold:   176        SH: 10    Dex: 11    Spells: 5/5 levels left

rFire    . . .     SeeInvis .   u - +0 whip
rCold    . . .     Gourm    .   c - +0 shield
rNeg     . . .     Faith    .   x - +0 plate armour
rPois    .         Spirit   .   (helmet restricted)
rElec    .         Reflect  .   (no cloak)
rCorr    .         Harm     .   (no gloves)
MR       .....                  (no boots)
Stlth    ..........             (no amulet)
Regen    0.2/turn               k - ring of flight
MPRegen  0.1/turn               (no ring)

@: lethally poisoned (0 -> -42)
A: retaliatory headbutt, horns 2
a: Evoke Flight


You were on level 2 of the Dungeon.
You were near starving.

You visited 1 branch of the dungeon, and saw 3 of its levels.

You collected 176 gold pieces.

Inventory:

Hand Weapons
 u - a +0 whip (weapon)
Armour
 c - a +0 shield (worn)
 x - a +0 plate armour (worn)
Jewellery
 k - a ring of flight (left hand)
 l - an uncursed ring of fire
Scrolls
 e - a scroll of random uselessness {unknown}
 g - 3 scrolls of remove curse {unknown}
 i - 2 scrolls of blinking {unknown}
 j - a scroll of amnesia {unknown}
 o - a scroll of enchant armour {unknown}
 s - 2 scrolls of teleportation {unknown}
 v - 2 scrolls of identify {unknown}
 w - a scroll of fog {unknown}
Potions
 d - 2 potions of might
 n - a potion of curing
 p - a potion of cancellation {unknown}
 q - a potion of heal wounds {unknown}
 r - a potion of haste
Comestibles
 a - 3 fruits
 f - 2 bread rations
 h - a royal jelly
 m - a meat ration


   Skills:
 + Level 4.6 Fighting
 + Level 4.7 Maces & Flails
 + Level 5.1 Armour
 + Level 0.7 Dodging
 + Level 5.9 Shields


You had 5 spell levels left.
You didn't know any spells.

Dungeon Overview and Level Annotations

Branches:
Dungeon (3/15)

Altars:
Uskayaw
Xom


Innate Abilities, Weirdness & Mutations

You reflexively headbutt those who attack you in melee.
You have a pair of horns on your head.


Message History

The gnoll hits you with a halberd!
You hit the gnoll sergeant but do no damage.
Your headbutt misses the gnoll sergeant.
The gnoll sergeant is moderately wounded.
You feel sick.
The gnoll sergeant hits you with a spear of venom.
* * * LOW HITPOINT WARNING * * *
You are more poisoned.
* * * LOW HITPOINT WARNING * * *
You feel sick. The gnoll hits you but does no damage.
The gnoll sergeant hits you but does no damage.
You are more poisoned.
* * * LOW HITPOINT WARNING * * *
You feel very sick.
The gnoll sergeant hits you from afar with a spear of venom.
* * * LOW HITPOINT WARNING * * *
You are more poisoned.
* * * LOW HITPOINT WARNING * * *
You feel very sick.
You die...

#.# #.# #...........# #.###.#
#...........## #.#...#
#...........'.
#.#.#####...........##
#.#.........####.#####
#.#.........# #.# #..
##########.##........# #.###..
#.......##.##........####.##...
#(......##.##.@.........#......
#......(##.g...................
#.............#.#.......####...
#...........g.#.#.......#####..
#.........>...'.'.......'..(...
#.....).......#.#.......#######
#.............#.#.......##
#.###.#.......#.#........#
##.###'#.......#.#.)......#####


You could see a gnoll sergeant and a gnoll.

Vanquished Creatures
  An ogre (D:3)
  An orc wizard (D:3)
  A gnoll shaman (D:2)
  9 gnolls
  3 adders (D:3)
  4 worms
  2 dart slugs
  A leopard gecko (D:1)
  5 orcs (D:3)
  2 ball pythons
  5 bats
  2 giant cockroaches
  4 goblins
  8 hobgoblins
  20 jackals
  7 kobolds
  2 quokkas (D:2)
  A frilled lizard (D:2)
  4 rats
82 creatures vanquished.

Notes
Turn   | Place    | Note
-------+----------+-------------------------------------------
     0 | D:1      | McKennaii the Minotaur Fighter began the quest for the Orb.
     0 | D:1      | Reached XP level 1. HP: 19/19 MP: 0/0
   339 | D:1      | Reached XP level 2. HP: 25/27 MP: 1/1
   756 | D:2      | Reached XP level 3. HP: 29/33 MP: 2/2
  1280 | D:3      | Noticed an ogre
  1284 | D:3      | Killed an ogre
  1284 | D:3      | Reached XP level 4. HP: 40/40 MP: 3/3
  1287 | D:3      | Reached XP level 5. HP: 46/46 MP: 4/4
  1300 | D:3      | Reached skill level 5 in Shields
  1376 | D:3      | Found a hide-covered altar of Uskayaw.
  1614 | D:3      | Found a shimmering altar of Xom.
  1796 | D:3      | Reached XP level 6. HP: 53/53 MP: 5/5
  1840 | D:2      | Reached skill level 5 in Armour
  2527 | D:2      | Succumbed to a gnoll sergeant's poison

Skill      XL: |  1  2  3  4  5  6 |
---------------+-------------------+-----
Shields        | 4 5 |  5.9
Armour         | 4 5 |  5.1
Maces & Flails | 3 4 |  4.7
Fighting       | 4 |  4.6
Dodging        | |  0.7

Action                   |  1- 3 |  4- 6 || total
-------------------------+-------+-------++-------
Melee: Flail             |    73 |    20 ||    93
       Headbutt          |    17 |    28 ||    45
       Whip              |       |   168 ||   168
  Use: Potion            |       |     2 ||     2
  Eat: Chunk             |       |     4 ||     4
Armor: Scale mail        |    25 |    31 ||    56
       Plate armour      |       |   118 ||   118
Dodge: Dodged            |    16 |    57 ||    73
Block: Shield            |    41 |   165 ||   206
